 Dungeon Sprint DCSS version 0.19.4-8-ga85b6b9 (webtiles) character file.

15300000 protoss039 the Middleweight Champion (level 27, -54/273 HPs)
             Began as a Ghoul Gladiator on Feb 13, 2017.
             Was the Champion of Makhleb.
             Annihilated by a meat berserker
             ... wielding a +9 battleaxe
              (62 damage)
             ... in the Dungeon (Sprint VIII: "Arena of Blood").
             The game lasted 00:06:53 (153 turns).

protoss039 the Middleweight Champion (GhGl)          Turns: 153, Time: 00:06:53

Health: -54/273    AC:  8    Str: 32    XL:     27
Magic:  53/53      EV: 25    Int:  3    God:    Makhleb [******]
Gold:   0          SH:  0    Dex:  9    Spells: 0 memorised, 80 levels left

rFire  . . .     SeeInvis .     k - +∞ Axe of Woe
rCold  + . .     Gourm    .     a - +0 leather armour
rNeg   + + +     Faith    .     (shield currently unavailable)
rPois  ∞         Spirit   .     b - +0 helmet
rElec  .         Reflect  .     (no cloak)
rCorr  .         Harm     .     (no gloves)
MR     ++...     NoTele   +     (no boots)
Stlth  +++++++++.               (no amulet)
                                m - +250 ring of slaying
                                l - +250 ring of slaying

@: rotting, slowed, very slow
A: rotting body, claws 1, carnivore 3, cold resistance 1, negative energy
resistance 3, slow regeneration 1, torment resistance, unbreathing
a: Minor Destruction, Lesser Servant of Makhleb, Major Destruction, Greater
Servant of Makhleb, Renounce Religion


You were in the Dungeon.
You worshipped Makhleb.
Makhleb was exalted by your worship.
You were not hungry.

You visited 1 branch

Inventory:

Hand Weapons
 k - the +∞ Axe of Woe (weapon)
   (You found it in the Dungeon)
Missiles
 c - 3 throwing nets (quivered)
Armour
 a - a +0 leather armour (worn)
 b - a +0 helmet (worn)
Jewellery
 l - a +250 ring of slaying (left claw)
 m - a +250 ring of slaying (right claw)
Scrolls
 j - a scroll of blinking
Potions
 e - a potion of curing
 f - a potion of heal wounds
 g - a potion of haste
 h - 2 potions of magic
 i - a potion of berserk rage
Comestibles
 d - a meat ration


   Skills:
 O Level 27 Fighting
 O Level 27 Axes
 O Level 27 Throwing
 O Level 27 Armour
 O Level 27 Dodging
 O Level 27 Stealth
 O Level 27 Unarmed Combat
 O Level 27 Spellcasting
 O Level 27 Invocations


You had 80 spell levels left.
You didn't know any spells.

Dungeon Overview and Level Annotations

Branches:
Dungeon (1/1)

Altars:
Makhleb

Annotations:
D The Meatlord


Innate Abilities, Weirdness & Mutations

Your body is rotting away.
You thrive on raw meat.
You are immune to poison.
You have sharp fingernails.
You are carnivorous and can eat meat at any time.
Your flesh is cold resistant. (rC+)
You are immune to negative energy. (rN+++)
You regenerate slowly when monsters are visible.
You are immune to unholy pain and torment.
You can survive without breathing.


Message History

You carve the bag of meat like a ham!!!!!!
You pulverise the bag of meat into a thin bloody mist.
You kill the bag of meat!
Makhleb accepts your kill.
You are engulfed in roaring flames.
The meat berserker rages.
The meat berserker is engulfed in roaring flames.
You hear a shout! x2; You feel something staring at you.
A fireball appears from out of thin air!
The fireball explodes!
The fireball engulfs the meat berserker.
The fireball engulfs you!
* * * LOW HITPOINT WARNING * * *
You hear a shout!
You feel something staring at you. Something smites you!
* * * LOW HITPOINT WARNING * * *
The meat berserker rages.
The meat berserker is engulfed in roaring flames.
The meat berserker hits you with a +9 battleaxe!!!
You die...

#... ..# #%.. .%#
. .###.%. ..###O.
.....%###%.....
......_%%%.. .
#..))&# ...
#_O§o_# .
.....#%2O§)#....
#...%..%§@§.O..%..
...%...)###...O.%.
..%###%%. ..###..
.. #%.. ..# .
#.... ..# .....
... ...........
....


You could see The Meatlord, 4 meat berserkers, a bag of meat and a friendly
cacodemon.

Vanquished Creatures
  13 hell knights (D)
  4 hell beasts (D)
  5 greater mummies (D)
  11 great orbs of eyes (D)
  5 wraiths (D)
  22 vampire knights (D)
  36 ogres (D)
  4 liches (D)
  9 hydras (D)
  56 orcs (D)
  7 phantoms (D)
  6 hill giants (D)
  10 skeletal warriors (D)
  3 sea snakes (D)
  10 large abominations (D)
  8 small abominations (D)
  5 crawling corpses (D)
214 creatures vanquished.

Vanquished Creatures (others)
  A crawling corpse (D)
1 creature vanquished.

Grand Total: 215 creatures vanquished

Notes
Turn   | Place    | Note
-------+----------+-------------------------------------------
     0 | D        | protoss039 the Ghoul Gladiator began the quest for the Orb.
     0 | D        | Reached XP level 1. HP: 17/17 MP: 0/0
     2 | D        | Noticed a bag of meat
     3 | D        | Became a worshipper of Makhleb the Destroyer
     4 | D        | Noticed a bag of meat
     6 | D        | Noticed a bag of meat
     6 | D        | Noticed a bag of meat
     7 | D        | Noticed a meat berserker
     8 | D        | Noticed a bag of meat
     8 | D        | Killed a bag of meat
     8 | D        | Reached XP level 2. HP: 40/40 MP: 1/1
     8 | D        | Reached XP level 3. HP: 47/47 MP: 2/2
     8 | D        | Reached XP level 4. HP: 55/55 MP: 3/3
     8 | D        | Reached XP level 5. HP: 61/61 MP: 4/4
     8 | D        | Reached XP level 6. HP: 68/68 MP: 5/5
     8 | D        | Reached XP level 7. HP: 74/74 MP: 6/6
     8 | D        | Reached XP level 8. HP: 82/82 MP: 7/7
     8 | D        | Reached XP level 9. HP: 89/89 MP: 8/8
     8 | D        | Reached XP level 10. HP: 96/96 MP: 9/9
     8 | D        | Reached XP level 11. HP: 103/103 MP: 10/10
     8 | D        | Reached XP level 12. HP: 110/110 MP: 11/11
     8 | D        | Killed a meat berserker
     8 | D        | Reached * piety under Makhleb
     8 | D        | Reached skill level 5 in Axes
     8 | D        | Reached XP level 13. HP: 125/125 MP: 12/12
     8 | D        | Reached XP level 14. HP: 133/133 MP: 13/13
     9 | D        | Killed a bag of meat
     9 | D        | Reached skill level 15 in Fighting
    10 | D        | Killed a bag of meat
    10 | D        | Reached XP level 15. HP: 144/144 MP: 14/14
    11 | D        | Reached ** piety under Makhleb
    12 | D        | Noticed a meat berserker
    14 | D        | Noticed a meat berserker
    14 | D        | Killed a meat berserker
    14 | D        | Reached skill level 15 in Throwing
    14 | D        | Reached skill level 27 in Unarmed Combat
    14 | D        | Reached XP level 16. HP: 159/159 MP: 15/15
    16 | D        | Noticed a meat berserker
    18 | D        | Killed a meat berserker
    18 | D        | Reached *** piety under Makhleb
    18 | D        | Reached skill level 27 in Dodging
    18 | D        | Reached XP level 17. HP: 173/173 MP: 16/16
    18 | D        | Reached skill level 5 in Armour
    18 | D        | Reached XP level 18. HP: 189/189 MP: 17/17
    19 | D        | Noticed a meat berserker
    19 | D        | Reached **** piety under Makhleb
    20 | D        | Noticed a destroyer
    20 | D        | Killed a meat berserker
    20 | D        | Reached skill level 27 in Fighting
    20 | D        | Reached skill level 10 in Armour
    20 | D        | Reached XP level 19. HP: 207/207 MP: 18/18
    23 | D        | Noticed a meat berserker
    23 | D        | Killed a meat berserker
    23 | D        | Reached ***** piety under Makhleb
    23 | D        | Reached skill level 27 in Axes
    25 | D        | Noticed a large bag of meat
    25 | D        | Killed a destroyer
    25 | D        | Reached skill level 27 in Throwing
    25 | D        | Reached XP level 20. HP: 216/216 MP: 18/31
    26 | D        | Noticed a destroyer
    27 | D        | Noticed an eight-headed meat hydra
    27 | D        | Noticed a meat berserker
    28 | D        | Noticed a large bag of meat
    28 | D        | Noticed a large bag of meat
    29 | D        | Noticed an eight-headed meat hydra
    29 | D        | Killed a destroyer
    29 | D        | Reached skill level 27 in Invocations
    29 | D        | Reached XP level 21. HP: 224/224 MP: 19/37
    29 | D        | Killed a meat berserker
    29 | D        | Reached skill level 27 in Armour
    30 | D        | Noticed a meat berserker
    31 | D        | Reached XP level 22. HP: 233/233 MP: 19/38
    32 | D        | Noticed a destroyer
    34 | D        | Reached skill level 27 in Stealth
    34 | D        | Reached ****** piety under Makhleb
    34 | D        | Reached XP level 23. HP: 240/240 MP: 20/51
    36 | D        | Reached skill level 27 in Spellcasting
    38 | D        | Reached XP level 24. HP: 249/249 MP: 21/53
    38 | D        | Killed a destroyer
    40 | D        | Noticed a destroyer
    40 | D        | Reached XP level 25. HP: 257/257 MP: 21/53
    43 | D        | Reached XP level 26. HP: 266/266 MP: 22/53
    44 | D        | Noticed a destroyer
    44 | D        | Killed a destroyer
    45 | D        | Noticed a destroyer
    47 | D        | Killed a destroyer
    47 | D        | Reached XP level 27. HP: 273/273 MP: 23/53
    48 | D        | Noticed a destroyer
    49 | D        | Noticed a destroyer
    49 | D        | Noticed a destroyer
    50 | D        | Noticed an accursed
    51 | D        | Noticed a destroyer
    51 | D        | Killed a destroyer
    53 | D        | Killed a destroyer
    55 | D        | Noticed a destroyer
    55 | D        | Killed a destroyer
    56 | D        | Noticed a destroyer
    56 | D        | Noticed a tyrant
    56 | D        | Noticed a destroyer
    57 | D        | Killed a destroyer
    59 | D        | Noticed a dread
    59 | D        | Killed a tyrant
    59 | D        | Killed an accursed
    61 | D        | Noticed a dread
    61 | D        | Killed a destroyer
    62 | D        | Noticed a destroyer
    62 | D        | Killed a destroyer
    64 | D        | Killed a dread
    65 | D        | Noticed a destroyer
    65 | D        | Noticed a destroyer
    66 | D        | Noticed a destroyer
    66 | D        | Noticed a destroyer
    66 | D        | Killed a destroyer
    66 | D        | Killed a dread
    66 | D        | Killed a destroyer
    67 | D        | Noticed a tyrant
    67 | D        | Killed a destroyer
    68 | D        | Killed a destroyer
    68 | D        | Killed a destroyer
    69 | D        | Killed a destroyer
    70 | D        | Noticed a destroyer
    72 | D        | Killed a destroyer
    73 | D        | Killed a tyrant
    76 | D        | Noticed a dread
    77 | D        | Noticed a tyrant
    77 | D        | Killed a destroyer
    82 | D        | Noticed a destroyer
    87 | D        | Killed a tyrant
    87 | D        | Killed a dread
    91 | D        | Noticed a tyrant
    93 | D        | Noticed a meat beast
    93 | D        | Killed a destroyer
    94 | D        | Killed a meat beast
    97 | D        | Noticed a destroyer
    98 | D        | Noticed an accursed
   107 | D        | Noticed a dread
   107 | D        | Killed a tyrant
   107 | D        | Killed a destroyer
   107 | D        | Killed a dread
   109 | D        | Noticed an accursed
   110 | D        | Noticed a meat beast
   110 | D        | Noticed an accursed
   110 | D        | Killed an accursed
   113 | D        | Killed a meat beast
   114 | D        | Killed an accursed
   115 | D        | Killed an accursed
   120 | D        | Noticed a fleshlord
   120 | D        | Noticed a fleshlord
   121 | D        | HP: 13/273 [fleshlord/+9 great mace (183)]
   122 | D        | Killed a fleshlord
   124 | D        | Noticed a fleshlord
   124 | D        | Noticed a fleshlord
   125 | D        | Killed a fleshlord
   126 | D        | Killed a fleshlord
   128 | D        | Noticed a fleshlord
   128 | D        | Noticed a fleshlord
   129 | D        | Noticed a fleshlord
   130 | D        | Noticed a meat beast
   131 | D        | Killed a fleshlord
   131 | D        | Killed a fleshlord
   132 | D        | Noticed a fleshlord
   132 | D        | Noticed a fleshlord
   132 | D        | Killed a fleshlord
   133 | D        | Noticed a fleshlord
   134 | D        | Noticed a fleshlord
   134 | D        | Killed a fleshlord
   134 | D        | Killed a meat beast
   135 | D        | Noticed a destroyer
   135 | D        | Killed a fleshlord
   136 | D        | Noticed a meat beast
   137 | D        | Killed a fleshlord
   138 | D        | Noticed a fleshlord
   138 | D        | Noticed a dread
   138 | D        | Killed a fleshlord
   138 | D        | Killed a meat beast
   139 | D        | Noticed a fleshlord
   140 | D        | Killed a fleshlord
   141 | D        | Noticed an accursed
   141 | D        | Killed a fleshlord
   143 | D        | Killed a dread
   143 | D        | Killed a destroyer
   146 | D        | Killed a fleshlord
   152 | D        | Killed an accursed
   153 | D        | Noticed The Meatlord
   153 | D        | HP: 8/273 [something (11)]
   153 | D        | Annihilated by a meat berserker

Skill      XL: |  1  2  3  4  5  6  7  8  9 10 11 12 13 14 15 16 17 18 19 20 21 22 23 |
---------------+----------------------------------------------------------------------+-----
Fighting       | 11 14 16 18 21 23 27 | 27.0
Axes           | 3 5 8 11 16 19 24 27 | 27.0
Throwing       | 9 12 13 15 17 19 21 27 | 27.0
Dodging        | 16 20 22 25 27 | 27.0
Unarmed Combat | 18 23 25 27 | 27.0
Armour         | 4 6 10 19 24 27 | 27.0
Invocations    | 16 27 | 27.0
Stealth        | 18 27 | 27.0
Spellcasting   | 8 25 27 | 27.0

Action                   |  1- 3 |  4- 6 |  7- 9 | 10-12 | 13-15 | 16-18 | 19-21 | 22-24 | 25-27 || total
-------------------------+-------+-------+-------+-------+-------+-------+-------+-------+-------++-------
Melee: Executioner's axe |     1 |       |       |       |     4 |     4 |     6 |     6 |    82 ||   103
Invok: Lesser Servant of |       |       |       |       |       |       |     1 |       |       ||     1
       Major Destruction |       |       |       |       |       |       |     3 |     3 |     9 ||    15
       Greater Servant o |       |       |       |       |       |       |     1 |       |    10 ||    11
 Stab: Distracted        |       |       |       |       |       |       |     1 |       |       ||     1
Armor: Leather armour    |       |       |       |       |       |       |       |       |     5 ||     5
Dodge: Dodged            |       |       |       |       |       |       |       |     1 |     7 ||     8
